 Dungeon Crawl Stone Soup version 0.29-a0-322-g68df515428 (webtiles) character file.

Game seed: 4544048567356325572

9 Gildeon the Gusty (level 1, -4/14 HPs)
             Began as a Demigod Air Elementalist on Apr 7, 2022.
             Slain by an orc
             ... wielding a +0 mace
              (6 damage)
             ... on level 1 of the Dungeon.
             The game lasted 00:03:27 (793 turns).

Gildeon the Gusty (Demigod Air Elementalist)         Turns: 793, Time: 00:03:27

Health: -4/14      AC:  3    Str:  9    XL:     1   Next: 86%
Magic:  4/5        EV: 12    Int: 17    God:
Gold:   51         SH:  0    Dex: 14    Spells: 2/3 levels left

rFire   . . .      SeeInvis .   n - +0 rapier
rCold   . . .      Faith    .   s - orb {light}
rNeg    . . .      Spirit   .   a - +0 robe
rPois   .          Reflect  .   m - +0 helmet
rElec   .          Harm     .   (no cloak)
rCorr   .          Rampage  .   (no gloves)
Will    .....                   (no boots)
Stlth   +.........              (no amulet)
HPRegen 0.04/turn               (no ring)
MPRegen 0.09/turn               (no ring)

@: glowing
A: high MP 1, forlorn, divine attributes
a: no special abilities


You were on level 1 of the Dungeon.
You visited 1 branch of the dungeon, and saw 2 of its levels.

You collected 51 gold pieces.

Inventory:

Hand Weapons
 n - a +0 rapier (weapon)
 o - a +0 falchion
Armour
 a - a +0 robe (worn)
 g - a +0 ring mail
 j - a +0 plate armour
 m - a +0 helmet (worn)
 s - an orb of light (worn)
Scrolls
 c - a scroll of teleportation {unknown}
 d - 3 scrolls of immolation {unknown}
 e - a scroll of enchant armour {unknown}
 h - a scroll of identify {unknown}
 p - a scroll of vulnerability {unknown}
Potions
 b - 2 potions of magic
 f - a potion of haste {unknown}
 i - a potion of ambrosia {unknown}
 k - a potion of might {unknown}
 l - a potion of curing {unknown}
 q - a potion of flight {unknown}
 r - 2 potions of brilliance {unknown}


   Skills:
 + Level 1.9 Dodging
 + Level 2.0 Stealth
 + Level 1.9 Spellcasting
 + Level 1.1 Conjurations
 + Level 2.8 Air Magic


You had 2 spell levels left.
You knew the following spells:

 Your Spells              Type           Power      Damage    Failure   Level
a - Shock                 Conj/Air       32%        1d5       9%          1

Your spell library contained the following spells:

 Spells                   Type           Power      Damage    Failure   Level
 Static Discharge         Conj/Air       8%         N/A       13%         2
 Swiftness                Air            11%        N/A       19%         3
 Airstrike                Air            5%         N/A       52%         4


Dungeon Overview and Level Annotations

Branches:
Dungeon (2/15)


Innate Abilities, Weirdness & Mutations

You have an increased reservoir of magic. (+10% MP)
You shall have no god before yourself.
Your divine heritage dramatically boosts your attributes as you level up.


Message History

Confirm with . or Enter, or press ? or * to list all spells.
Aiming: Shock (safe; 9% risk of failure)
Press: ? - help, Shift-Dir - straight line, f - orc
Aim: an orc, wielding a +0 morningstar and wearing a +0 leather armour (moderately wounded, haloed, 79% to hit)
That beam is likely to hit you.
Continue anyway? [Y]es or [N]o only, please.
That beam is likely to hit you.
Continue anyway? [Y]es or [N]o only, please.
That beam is likely to hit you.
Continue anyway? [Y]es or [N]o only, please.
That beam is likely to hit you.
Continue anyway?
Okay, then.
Casting: Shock (safe; 9% risk of failure)
Confirm with . or Enter, or press ? or * to list all spells.
Aiming: Shock (safe; 9% risk of failure)
Press: ? - help, Shift-Dir - straight line, f/p - orc
Aim: an orc, wielding a +0 morningstar and wearing a +0 leather armour (moderately wounded, haloed, 79% to hit)
That beam is likely to hit you.
Continue anyway? [Y]es or [N]o only, please.
That beam is likely to hit you.
Continue anyway? [Y]es or [N]o only, please.
That beam is likely to hit you.
Continue anyway?
Okay, then.
Casting: Shock (safe; 9% risk of failure)
Confirm with . or Enter, or press ? or * to list all spells.
Aiming: Shock (safe; 9% risk of failure)
Press: ? - help, Shift-Dir - straight line, f/p - orc
Aim: an orc, wielding a +0 morningstar and wearing a +0 leather armour (moderately wounded, haloed, 79% to hit)
That beam is likely to hit you.
Continue anyway?
The zap hits the orc.
The orc is moderately wounded.
The zap hits the orc.
The orc is heavily wounded.
The zap hits you.
* * * LOW HITPOINT WARNING * * *
The orc barely misses you.
The orc wizard hits you with a +0 dagger.
* * * LOW HITPOINT WARNING * * *
The orc hits you with a +0 mace.
You die...

####'###### #.... #......###
##.... #........# #.....
####........########...##
#...........#..........##
#########'.###......#..........#.
≈≈≈≈≈≈≈≈.#.†.#......#........#>.♣
........≈#.#...oo...............♣
..####..≈#.#.#.o@...##.....##..♣♣
.## ##.≈###.#.o....######.##..♣♣
.# #.≈#...#......##.....##..♣♣ .#
#.≈#...#########.....##...♣ .##
##.≈#...#########.....##.⌠.♣
..####..≈#...'.......#...........
........≈#...#######.#....####...
≈≈≈≈≈≈≈≈≈#..)..................#.
##########...#####........#######


You could see an orc wizard and 3 orcs.

Vanquished Creatures
  A giant cockroach (D:1)
  4 ball pythons (D:1)
  A frilled lizard (D:1)
  2 kobolds (D:1)
  A rat (D:1)
9 creatures vanquished.

Notes
Turn   | Place    | Note
-------+----------+-------------------------------------------
     0 | D:1      | Gildeon the Demigod Air Elementalist began the quest for
                  | the Orb.
     0 | D:1      | Reached XP level 1. HP: 14/14 MP: 5/5
   356 | D:1      | Reached skill level 1 in Conjurations
   754 | D:2      | Noticed an orc wizard
   793 | D:1      | Slain by an orc

Illustrated notes

Levels and vault maps discovered:
D:1:      heliophobic_arrival_henge, layout_basic, kennysheep_doodads,
          kennysheep_pointless_box, minmay_pentomino_q2
D:2:      layout_basic, basic_altar

Skill      XL: |  1 |
---------------+----+-----
Conjurations   | 1 |  1.1
Stealth        | 2 |  2.0
Dodging        | |  1.9
Spellcasting   | |  1.9
Air Magic      | |  2.8

Action                   || total
-------------------------++-------
Melee: Short sword       ||     1
 Cast: Shock             ||    21
Armor: Robe              ||     1
Dodge: Dodged            ||    12

Table legend: (Time is in decaauts)
 A = Elapsed time spent in this place.
 B = Non-inter-level travel time spent in this place.
 C = Inter-level travel time spent in this place.
 D = Time resting spent in this place.
 E = Time spent auto-exploring this place.
 F = Levels seen in this place.
 G = Mean time per level.
                   A        B        C        D        E       F      G
               +--------+--------+--------+--------+--------+-----+--------+
         Total |    793 |    775 |     18 |    270 |    339 |   2 |  396.5 |
       Dungeon |    793 |    775 |     18 |    270 |    339 |   2 |  396.5 |
               +--------+--------+--------+--------+--------+-----+--------+

Top non-repeatable levels by time:
     D:1: 787 daAuts
     D:2: 6 daAuts
